 Dungeon Crawl Stone Soup version 0.13.0-18-g7b03ea5 (webtiles) character file.

7743 Lilouch the Basher (level 11, -2/61 HPs)
             Began as a Gargoyle Fighter on Oct 22, 2013.
             Was an Initiate of Okawaru.
             Killed by Ozocubu's Refrigeration
             ... invoked by Fannar
              (10 damage)
             ... on Level 10 of the Dungeon.
             The game lasted 00:51:29 (6862 turns).

Lilouch the Basher (Gargoyle Fighter)               Turns: 6862, Time: 00:51:29

HP  -2/61        AC 28     Str 24      XL: 11   Next: 14%
MP  19/19        EV  7     Int  8      God: Okawaru [......]
Gold 329         SH 19     Dex  9      Spells:  0 memorised, 10 levels left

Res.Fire  : . . .   See Invis. : .   Z - +6,+10 flail of the Orb {freeze, MR++ Stlth++}
Res.Cold  : . . .   Warding    : .   N - +0 orc plate armour (curse)
Life Prot.: + . .   Conserve   : .   c - +0 shield
Res.Poison: +       Res.Corr.  : .   (no helmet)
Res.Elec. : +       Clarity    : .   v - +1 cloak
Sust.Abil.: . .     Spirit.Shd : .   n - +2 pair of gauntlets
Res.Mut.  : .       Stasis     : .   (no boots)
Res.Rott. : +       Flight     : .   (no amulet)
Saprovore : . . .                    H - +3 ring of evasion
                                     q - ring of protection from magic

@: extraordinarily resistant to hostile enchantments, extremely unstealthy
A: fangs 1, talons 2, life protection 1, electricity resistance, slow metabolism
1, unbreathing, petrification resistance, AC +7
a: Renounce Religion


You were on level 10 of the Dungeon.
You worshipped Okawaru.
Okawaru was noncommittal.
You were very hungry.

You visited 2 branches of the dungeon, and saw 11 of its levels.

You collected 386 gold pieces.
You spent 77 gold pieces at shops.

Inventory:

Hand weapons
 z - a +1,+1 anti-magic whip
 C - a +2,+2 whip of flaming
 K - a +2,+2 morningstar of freezing
 P - a +0 orcish blowgun
 Z - the +6,+10 flail of the Orb (weapon) {freeze, MR++ Stlth++}
   (You found it on level 7 of the Dungeon)

   It has been specially enchanted to freeze those struck by it, causing extra
   injury to most foes and up to double damage against particularly susceptible
   opponents.
   It can also slow down cold-blooded creatures.
   It affects your resistance to hostile enchantments.
   It makes you much more stealthy.
Missiles
 f - 4 exploding darts (quivered)
 p - 20 darts of dispersal
 t - 136 poisoned needles
 X - 3 arrows of dispersal
Armour
 c - a +0 shield (worn)
 n - a +2 pair of gauntlets (worn)
 v - a +1 cloak (worn)
 N - a cursed +0 orcish plate armour (worn)
Magical devices
 a - a wand of digging (7)
 r - a wand of fireball (3)
 B - a wand of magic darts (11)
 G - a wand of enslavement (20) {unknown}
 J - a wand of fire (6)
 R - a wand of random effects (9)
 S - a wand of flame (11)
 Y - a wand of random effects (16)
Comestibles
 d - 7 bread rations
 h - 2 royal jellies
 j - 6 meat rations
Scrolls
 g - 2 scrolls of enchant weapon I {unknown}
 k - 4 scrolls of remove curse
 l - a scroll of enchant weapon III
 u - 2 scrolls of fog {unknown}
 w - a scroll of enchant weapon II
 y - 4 scrolls of teleportation
 I - a scroll of magic mapping {unknown}
 U - a scroll of recharging
 W - a scroll of fear
Jewellery
 b - an uncursed ring of sustain abilities
 m - a cursed ring of teleportation {unknown}
 q - a ring of protection from magic (left hand)
 E - an uncursed ring of see invisible {unknown}
 H - a +3 ring of evasion (right hand)
 T - an uncursed ring of ice
Potions
 e - 4 potions of curing
 i - a potion of brilliance {unknown}
 o - 2 potions of heal wounds {unknown}
 s - a potion of cure mutation {unknown}
 A - a potion of agility {unknown}
 D - 2 potions of might
 F - a potion of restore abilities {unknown}
 L - a potion of beneficial mutation {unknown}
 O - a potion of flight {unknown}
 Q - a potion of magic {unknown}
 V - a potion of mutation {unknown}
Books
 x - the Papyrus of Frigorific Attacks
   (You found it on level 4 of the Dungeon)

   Spells                             Type                      Level
   Magic Dart                         Conjuration                  1
   Freeze                             Ice                          1
   Bolt of Cold                       Conjuration/Ice              6
   Bolt of Draining                   Conjuration/Necromancy       6
   Simulacrum                         Ice/Necromancy               6
 M - a book of Conjurations

   Spells                             Type                      Level
   Magic Dart                         Conjuration                  1
   Searing Ray                        Conjuration                  2
   Dazzling Spray                     Conjuration/Hexes            3
   Iskenderun's Mystic Blast          Conjuration                  4
   Iskenderun's Battlesphere          Conjuration/Charms           4
   Fulminant Prism                    Conjuration/Hexes            5


   Skills:
 - Level 3.2 Fighting
 - Level 13.3 Maces & Flails
 + Level 11.2 Armour
 - Level 3.2 Shields
 * Level 5.4 Evocations


You had 10 spell levels left.
You didn't know any spells.

Dungeon Overview and Level Annotations

Branches:
Dungeon (10/27)            Temple (1/1) D:4
    Orc: D:6-11        Lair: D:8-13

Altars:
Ashenzari
Cheibriados
Elyvilon
Fedhas
Kikubaaqudgha
Nemelex Xobeh
Okawaru
Sif Muna
Trog
Vehumet
Xom
Yredelemnul
Zin
the Shining One

Shops:
D:6 *   D:9 ([=*

Portals:
Trove: D:10 (give 15 scrolls of identify)

Annotations:
D:10 Fannar


Innate Abilities, Weirdness & Mutations

You are resistant to torment.
You are immune to poison.
Your stone body is very resilient (AC +7).
You have very sharp teeth.
You have razor-sharp toenails.
You resist negative energy.
You are resistant to electric shocks.
You have a slow metabolism.
You can survive without breathing.
You are immune to petrification.


Message History

You claw the ice beast, but do no damage.
The ice beast is lightly wounded.
The ice beast barely misses you.
You hit the ice beast but do no damage. Your kick misses the ice beast.
The ice beast is lightly wounded.
The ice beast hits you but does no damage.
Fannar casts a spell at you.
The bolt of cold hits the ice beast.
The ice beast completely resists.
The bolt of cold hits you!
Fannar points at you and mumbles some strange words.
The bolt of cold hits the ice beast.
The ice beast completely resists.
The bolt of cold hits you!
* * * LOW HITPOINT WARNING * * *
There is an open door here.
You are feeling very hungry.
Fannar casts a spell.
Fannar casts a spell.
Fannar drains the heat from the surrounding environment!
You feel very cold.
You die...

#.'...........###.#
###....#.##.....#.#
#.......#.###.#.#
##.......#.###.#.#
#....e...#..##...#
#.###..#.#I..........##
#......#.#..###.......#
#####..8.II..I......#.#
#..8.8....#@.......#
#####.8.∩.8...##########
#[.....8.8..........#
#.###.#.8.##..#####.#
#.# #.#.............#
#.###.#.#####.#.#####
#.......# #...#
######### #####


You could see Fannar and 4 ice beasts.

Vanquished Creatures
  A hill giant (D:10)
  A human (D:8)
  An unseen horror (D:7)
  Pikel (D:4)
  A troll (D:9)
  A draconian (D:8)
  A two-headed ogre (D:9)
  6 yaks (D:9)
  A merfolk (D:8)
  A hill giant skeleton (D:10)
  Menkaure (D:4)
  3 orc warriors
  A black bear (D:5)
  A sky beast (D:7)
  2 centaurs
  A slave (D:4)
  3 ogres
  3 ice beasts
  2 phantoms
  A wyvern zombie (D:8)
  3 giant frogs
  2 eyes of draining (D:4)
  6 killer bees (D:7)
  4 crimson imps
  12 wights
  6 hounds
  3 jellies
  6 orc priests
  7 worker ants
  A two-headed ogre skeleton (D:8)
  A scorpion (D:8)
  3 iguanas
  9 orc wizards
  An ogre skeleton (D:6)
  Terence (D:2)
  11 adders
  4 gnolls
  A giant mite (D:5)
  3 worms
  An adder zombie (D:5)
  3 giant geckos
  36 orcs
  8 bats
  7 giant cockroaches
  14 goblins
  7 hobgoblins
  3 quokkas
  5 giant newts
  A giant spore (D:8)
  2 hobgoblin skeletons
  14 kobolds
  12 rats
  A rat zombie (D:5)
  A ballistomycete (D:8)
232 creatures vanquished.

Vanquished Creatures (others)
  A hungry ghost (D:8)
  2 slaves (D:4)
  A rat (D:8)
4 creatures vanquished.

Grand Total: 236 creatures vanquished

Notes
Turn   | Place    | Note
--------------------------------------------------------------
     0 | D:1      | Lilouch, the Gargoyle Fighter, began the quest for the Orb.
     0 | D:1      | Reached XP level 1. HP: 14/14 MP: 0/0
   208 | D:1      | Reached XP level 2. HP: 19/19 MP: 1/1
   575 | D:2      | Noticed Terence
   589 | D:2      | Killed Terence
   589 | D:2      | Reached XP level 3. HP: 20/24 MP: 2/2
   659 | D:2      | Reached skill level 4 in Maces & Flails
   684 | D:2      | Found a white marble altar of Elyvilon.
   712 | D:2      | Reached XP level 4. HP: 28/28 MP: 3/3
  1343 | D:3      | Reached XP level 5. HP: 12/33 MP: 4/4
  1548 | D:3      | Reached skill level 5 in Maces & Flails
  1723 | D:3      | Reached skill level 5 in Armour
  1942 | D:3      | Reached XP level 6. HP: 31/38 MP: 5/5
  2088 | D:4      | Identified the Papyrus of Frigorific Attacks
  2119 | D:4      | Found a bloodstained altar of Trog.
  2143 | D:4      | Reached skill level 6 in Maces & Flails
  2254 | D:4      | Noticed Menkaure
  2274 | D:4      | Noticed Pikel
  2305 | D:4      | Killed Pikel
  2305 | D:4      | Reached skill level 7 in Maces & Flails
  2305 | D:4      | Reached XP level 7. HP: 42/42 MP: 6/6
  2305 | D:4      | Reached XP level 8. HP: 48/48 MP: 7/7
  2321 | D:4      | Killed Menkaure
  2321 | D:4      | Reached skill level 8 in Maces & Flails
  2385 | D:4      | Found a staircase to the Ecumenical Temple.
  2391 | Temple   | Entered the Ecumenical Temple
  2913 | D:5      | Entered Level 5 of the Dungeon
  2964 | D:5      | Reached skill level 9 in Maces & Flails
  3280 | D:5      | Found a basalt altar of Yredelemnul.
  3303 | D:5      | Reached skill level 10 in Maces & Flails
  3303 | D:5      | Reached XP level 9. HP: 47/52 MP: 8/8
  3333 | D:5      | Found a deep blue altar of Sif Muna.
  3644 | D:6      | Found Usoas' Hardware Store.
  3674 | D:6      | Bought a scroll of recharging for 77 gold pieces
  4389 | D:7      | Reached skill level 11 in Maces & Flails
  4632 | D:7      | Got a smoking flail
  4633 | D:7      | Identified the flail of the Orb {freeze, MR++ Stlth++} (You found it on level 7 of the Dungeon)
  4692 | D:7      | Killed an unseen horror
  4768 | D:7      | Reached skill level 12 in Maces & Flails
  4800 | D:7      | Reached XP level 10. HP: 57/57 MP: 9/9
  5284 | D:8      | Noticed a human
  5300 | D:8      | Killed a human
  5300 | D:8      | Reached skill level 13 in Maces & Flails
  5300 | D:8      | Reached skill level 10 in Armour
  5472 | D:8      | Got a bone battleaxe
  6053 | D:9      | Reached skill level 1 in Evocations
  6069 | D:9      | Found Kuquudetz's Weapon Boutique.
  6135 | D:9      | Found a snail-covered altar of Cheibriados.
  6213 | D:9      | Found Pamaicim's Jewellery Shop.
  6347 | D:9      | Found an iron altar of Okawaru.
  6359 | D:9      | Became a worshipper of Warmaster Okawaru
  6448 | D:9      | Reached XP level 11. HP: 57/61 MP: 15/17
  6616 | D:9      | Found Iridwibi's Armour Boutique.
  6640 | D:9      | Found Ulay's General Store.
  6719 | D:10     | Entered Level 10 of the Dungeon
  6720 | D:10     | Found a portal to a secret trove of treasure.
  6815 | D:10     | Paralysed by a giant eyeball for 3 turns
  6819 | D:10     | Noticed Fannar
  6819 | D:10     | Noticed a hill giant
  6832 | D:10     | Killed a hill giant
  6832 | D:10     | Reached skill level 5 in Evocations
  6862 | D:10     | Killed from afar by Fannar

Action                   |  1- 3 |  4- 6 |  7- 9 | 10-12 || total
-------------------------+-------+-------+-------+-------++-------
Melee: Mace              |    65 |    23 |       |       ||    88
       Flail             |       |   119 |   290 |   226 ||   635
       Morningstar       |       |       |    14 |       ||    14
Throw: Dart              |       |       |       |     1 ||     1
Evoke: Wand              |       |       |     4 |     7 ||    11
  Use: Scroll            |       |       |    11 |     6 ||    17
       Potion            |       |       |       |     2 ||     2
